 Dungeon Crawl Stone Soup version 0.31-a0-986-g5e6e4ef867 (webtiles) character file.

Game seed: 17359798044412502196

114 grandjackal the Trooper (level 4, -4/35 HPs)
             Began as a Demonspawn Gladiator on Nov 17, 2023.
             Killed from afar by a dart slug (5 damage)
             ... with a slug dart
             ... on level 3 of the Dungeon.
             The game lasted 00:02:45 (2017 turns).

grandjackal the Trooper (Demonspawn Gladiator)      Turns: 2017, Time: 00:02:45

Health: -4/35      AC:  7    Str: 16    XL:     4   Next: 66%
Magic:  4/4        EV: 11    Int: 10    God:
Gold:   103        SH:  0    Dex: 14    Spells: 3/3 levels left

rFire   . .          .
                       - Unarmed
rCold   . . .        (no shield)
rNeg    . . .        i - +0 ring mail
rPois   .            c - +0 helmet
rElec   .            (no cloak)
rCorr   .            j - +0 pair of gloves
SInv    .            (no boots)
Will    +....        (no amulet)
Stlth   +            (no ring)
HPRegen 0.25/turn    (no ring)
MPRegen 0.09/turn

%: no passive effects
@: enlightened, flying
A: claws 1, hooves 1
a: no special abilities


You were on level 3 of the Dungeon.
You visited 1 branch of the dungeon, and saw 3 of its levels.

You collected 103 gold pieces.

Inventory:

Missiles
 b - 4 poisoned darts
 d - 3 throwing nets (quivered)
 e - a javelin
 h - 19 stones
Armour
 c - a +0 helmet (worn)
 i - a +0 ring mail (worn)
 j - a +0 pair of gloves (worn)
Wands
 u - a wand of digging (6)
Scrolls
 a - a scroll of poison {unknown}
 k - a scroll of enchant weapon {unknown}
 l - a scroll of identify {unknown}
 n - 2 scrolls of immolation {unknown}
 q - a scroll of noise {unknown}
 r - a scroll of summoning {unknown}
 s - a scroll of amnesia {unknown}
 t - a scroll of torment {unknown}
Potions
 f - 2 potions of enlightenment
 g - a potion of curing
 m - 3 potions of attraction {unknown}
 o - a potion of magic {unknown}
 p - 2 potions of brilliance {unknown}


   Skills:
 + Level 3.2 Fighting
 - Level 2.8 Long Blades
 - Level 2.0 Throwing
 - Level 3.0 Dodging
 * Level 2.6 Unarmed Combat


You had 3 spell levels left.
You didn't know any spells.
Your spell library contained the following spells:

 Spells                   Type           Power      Damage    Failure   Level
 Apportation              Tloc           0%         N/A       58%         1
 Jinxbite                 Hex            0%         N/A       73%         2
 Tukima's Dance           Hex            0%         N/A       91%         3
 Passage of Golubria      Tloc           0%         N/A       100%        4
 Alistair's Intoxication  Tmut/Pois      0%         N/A       100%        5
 Yara's Violent Unravell  Hex/Tmut       0%         3d3       100%        5


Dungeon Overview and Level Annotations

Branches:
Dungeon (3/15)

Altars:
Dithmenos
Makhleb

Shops:
D:3 [

Annotations:
D:2 1 runed translucent door, Crazy Yiuf


Innate Abilities, Weirdness & Mutations

You have sharp fingernails.
You have large cloven feet.


Message History

* * * LOW HITPOINT WARNING * * *
It was a potion of curing.
You feel better.
The orc priest looks braver for a moment.
The orc hits you but does no damage.
You hit the orc. You kick the orc.
The orc is heavily wounded.
The orc closely misses you.
You hit the orc.
The orc is heavily wounded.
The orc closely misses you.
You hit the orc.
You kill the orc!
You hit the orc priest.
You kill the orc priest!
The orc priest hits you but does no damage.
Something hits you.
Items here: )) [ ††.
You hit the orc priest. Your kick misses the orc priest.
The orc priest is lightly wounded.
The orc priest hits you with a +0 short sword.
Something hits you.
You hit the orc priest. You kick the orc priest.
The orc priest is heavily wounded.
The orc priest hits you with a +0 short sword.
Something hits you but does no damage.
You barely miss the orc priest. Your kick misses the orc priest.
The orc priest is heavily wounded.
The orc priest hits you but does no damage.
Something hits you.
* * * LOW HITPOINT WARNING * * *
You hit the orc priest. Your kick misses the orc priest.
The orc priest is heavily wounded.
The orc priest barely misses you.
You hear some strange, mumbled words.
A magic dart appears from out of thin air!
The magic dart hits you!
* * * LOW HITPOINT WARNING * * *
The dart slug launches a dart at you. The slug dart hits you.
You die...

####.#####......
#............... #
#.###.####.#.... .
#.#.#.# #.#.... #.
#...#.# #.#.... #.##
###.#.####.#.... ..o
#.#...........
.#####o####.#####.###..#
.....w{@................
#################.......
#########.......
#...............
#...............
#.........###+##
#.........'...# ..
#.........##### #....
#.........# #


You could see an orc priest, a dart slug and an orc.

Vanquished Creatures
  An orc priest (D:3)
  A gnoll (D:1)
  An adder (D:2)
  A worm (D:3)
  A dart slug (D:1)
  An orc (D:3)
  8 endoplasms
  3 giant cockroaches
  7 goblins
  2 hobgoblins
  5 quokkas
  3 ball pythons
  5 bats
  4 frilled lizards
  8 kobolds
  4 rats
55 creatures vanquished.

Notes
Turn   | Place    | Note
-------+----------+-------------------------------------------
     0 | D:1      | grandjackal the Demonspawn Gladiator began the quest for
                  | the Orb.
     0 | D:1      | Reached XP level 1. HP: 16/16 MP: 1/1
   127 | D:1      | Discovered your monstrous ancestry.
   127 | D:1      | Gained mutation: You have large cloven feet. [demonic
                  | ancestry]
   127 | D:1      | Reached XP level 2. HP: 22/22 MP: 2/2
   710 | D:1      | Reached skill level 1 in Unarmed Combat
   710 | D:1      | Reached XP level 3. HP: 27/28 MP: 3/3
  1172 | D:2      | Found a runed translucent door.
  1173 | D:2      | Noticed Crazy Yiuf
  1670 | D:3      | Gained mutation: You have sharp fingernails. [demonic
                  | ancestry]
  1670 | D:3      | Reached XP level 4. HP: 34/34 MP: 4/4
  1673 | D:3      | Found a burning altar of Makhleb.
  1752 | D:3      | Found Peajeem's Antique Armour Boutique.
  1821 | D:3      | Found a shadowy altar of Dithmenos.
  2017 | D:3      | HP: 1/35 [something/magic dart (9)]
  2017 | D:3      | Killed from afar by a dart slug

Illustrated notes

Levels and vault maps discovered:
D:1:      lemuel_arrival_lava_pool, layout_basic
D:2:      layout_rooms, uniq_crazy_yiuf_cottage
D:3:      layout_basic, mainiacjoe_overflow_catwalk,
          nicolae_dithmenos_shadow_blocks, serial_shops, shop,
          minmay_strange_pillars

Skill      XL: |  1  2  3  4 |
---------------+-------------+-----
Throwing       | 2 |  2.0
Dodging        | 3 |  3.0
Unarmed Combat | 1 2 |  2.6
Fighting       | 3 |  3.2
Long Blades    | |  2.8

Action                     |  1- 3 |  4- 6 || total
---------------------------+-------+-------++-------
  Melee: Long sword        |   107 |       ||   107
         Kick              |     7 |    15 ||    22
         Punch             |     1 |       ||     1
         Unarmed           |       |    49 ||    49
    Use: Potion            |       |     2 ||     2
 Armour: Leather armour    |     8 |       ||     8
         Ring mail         |    44 |    42 ||    86
  Dodge: Dodged            |    73 |    29 ||   102

Table legend: (Time is in decaauts)
 A = Elapsed time spent in this place.
 B = Non-inter-level travel time spent in this place.
 C = Inter-level travel time spent in this place.
 D = Time resting spent in this place.
 E = Time spent auto-exploring this place.
 F = Levels seen in this place.
 G = Mean time per level.
                   A        B        C        D        E       F      G
               +--------+--------+--------+--------+--------+-----+--------+
         Total |   2043 |   1981 |     62 |      2 |   1567 |   3 |  681.0 |
       Dungeon |   2043 |   1981 |     62 |      2 |   1567 |   3 |  681.0 |
               +--------+--------+--------+--------+--------+-----+--------+

Top non-repeatable levels by time:
     D:1: 1061 daAuts
     D:2: 627 daAuts
     D:3: 354 daAuts
